 Dungeon Crawl Stone Soup version 0.28.0-45-g0d030f2227 (webtiles) character file.

Game seed: 14232582867665724083

1 protoss039 the Firebug (level 1, 0/10 HPs)
             Began as a Gargoyle Fire Elementalist on Apr 24, 2022.
             Slain by a hobgoblin (1 damage)
             ... on level 1 of the Dungeon.
             The game lasted 00:00:37 (68 turns).

protoss039 the Firebug (Gargoyle Fire Elementalist)   Turns: 68, Time: 00:00:38

Health: 0/10       AC:  4    Str: 11    XL:     1   Next: 20%
Magic:  2/3        EV: 11    Int: 15    God:
Gold:   0          SH:  0    Dex: 10    Spells: 3/4 levels left

rFire   . . .      SeeInvis .   (no weapon)
rCold   . . .      Faith    .   (no shield)
rNeg    + . .      Spirit   .   a - +0 robe
rPois   ∞          Reflect  .   (no helmet)
rElec   +          Harm     .   (no cloak)
rCorr   .          Rampage  .   (no gloves)
Will    .....                   (no boots)
Stlth   ++........              (no amulet)
HPRegen 0.03/turn               (no ring)
MPRegen 0.08/turn               (no ring)

@: no status effects
A: sickness immunity, AC +2, negative energy resistance 1, electricity
resistance, torment resistance 1, petrification resistance
a: no special abilities


You were on level 1 of the Dungeon.
You visited 1 branch of the dungeon, and saw 1 of its levels.

Inventory:

Armour
 a - a +0 robe (worn)


   Skills:
 + Level 1.5 Dodging
 + Level 2.2 Stealth
 + Level 2.0 Spellcasting
 + Level 1.1 Conjurations
 + Level 3.0 Fire Magic


You had 3 spell levels left.
You knew the following spells:

 Your Spells              Type           Power      Damage    Failure   Level
a - Foxfire               Conj/Fire      28%        2x1d5     10%         1

Your spell library contained the following spells:

 Spells                   Type           Power      Damage    Failure   Level
 Scorch                   Fire           20%        2d6       10%         2
 Conjure Flame            Conj/Fire      7%         6-21      28%         3
 Inner Flame              Hex/Fire       6%         N/A       34%         3
 Flame Wave               Conj/Fire      7%         2d5       67%         4


Dungeon Overview and Level Annotations

Branches:
Dungeon (1/15)

Altars:


Innate Abilities, Weirdness & Mutations

You are immune to sickness and miasma.
Your stone body is resilient. (AC +2)
You are immune to poison.
You resist negative energy. (rN+)
You are resistant to electric shocks. (rElec)
You are resistant to unholy torment.
You are immune to petrification.


Message History

The hobgoblin barely misses you.
Casting: Foxfire (safe; 10% risk of failure)
Confirm with . or Enter, or press ? or * to list all spells.
You conjure some foxfire!
The foxfire hits the jackal.
The jackal is heavily wounded.
The hobgoblin hits you.
Unknown command.
You hit the hobgoblin but do no damage.
The jackal bites you but does no damage.
The hobgoblin misses you.
Unknown command.
You closely miss the hobgoblin. The jackal barely misses you.
The hobgoblin hits you but does no damage.
Unknown command.
You closely miss the hobgoblin.
The jackal bites you but does no damage.
The hobgoblin hits you.
The jackal bites you but does no damage.
You barely miss the hobgoblin.
The jackal bites you but does no damage.
The hobgoblin closely misses you.
You hit the hobgoblin but do no damage.
The jackal bites you but does no damage.
The hobgoblin hits you but does no damage.
The jackal bites you but does no damage.
You closely miss the hobgoblin. The jackal barely misses you.
The hobgoblin hits you but does no damage.
You closely miss the hobgoblin. The jackal closely misses you.
The hobgoblin closely misses you.
You closely miss the hobgoblin. The jackal closely misses you.
The hobgoblin barely misses you. The jackal bites you.
You hit the hobgoblin.
The hobgoblin is moderately wounded.
The jackal bites you.
* * * LOW HITPOINT WARNING * * *
The hobgoblin completely misses you.
You hit the hobgoblin but do no damage.
The hobgoblin is moderately wounded.
The jackal barely misses you. The hobgoblin hits you.
You die...

#.........!....
#.r......#..#.#
#.#####..#..#.#
#.#####..#....#
#.......r##.#.# #
#######.####..g.gh.g##.#
#.8#.##†####.#.##..h.K.#
.#'#.#ghg..#.#.####r###...
.#'..#.........g@hgb#
.#'#.)..####...######
#.8#.##........#
####.##.##>....#
.###.##.##.## ## #.##g# .#
#...r. .# ###... ## #...#


You could see a jackal, 2 hobgoblins, a bat and a rat.

Vanquished Creatures
  A jackal (D:1)
1 creature vanquished.

Vanquished Creatures (others)
  3 foxfires (D:1)
3 creatures vanquished.

Grand Total: 4 creatures vanquished

Notes
Turn   | Place    | Note
-------+----------+-------------------------------------------
     0 | D:1      | protoss039 the Gargoyle Fire Elementalist began the quest
                  | for the Orb.
     0 | D:1      | Reached XP level 1. HP: 10/10 MP: 3/3
    68 | D:1      | Slain by a hobgoblin

Illustrated notes

Levels and vault maps discovered:
D:1:      saegor_arrival_simple_c, layout_loops_cross,
          shapermc_ecumenical_altar_starsandcircs, minmay_lizard_pond

Action                   || total
-------------------------++-------
Melee: Unarmed           ||    20
 Cast: Foxfire           ||     4
  Use: Potion            ||     1
Armor: Robe              ||    20
Dodge: Dodged            ||    30
